 Dungeon Crawl Stone Soup version 0.30.1-4-g462c640d31 (webtiles) character file.

Game seed: 7515378989281792101

52799 Wiggles the Severer (level 14, -14/132 HPs)
             Began as a Minotaur Berserker on Sept 15, 2023.
             Was a High Priest of Trog.
             Succumbed to a black mamba's poison
             ... on level 5 of the Lair of Beasts.
             The game lasted 00:25:54 (11919 turns).

Wiggles the Severer (Minotaur Berserker)           Turns: 11919, Time: 00:25:55

Health: -14/132    AC: 25    Str: 32    XL:     14   Next: 28%
Magic:  13/13      EV: 10    Int:  4    God:    Trog [*****.]
Gold:   1440       SH:  0    Dex: 11    Spells: 13/13 levels left

rFire   . . .        p - +6 executioner's axe (flame)
rCold   . . .        (shield currently unavailable)
rNeg    . . .        L - +0 plate armour
rPois   .            J - +1 hat
rElec   .            f - +0 cloak
rCorr   .            E - +2 pair of gloves
SInv    +            c - +1 pair of boots
Will    +....        k - amulet of regeneration Stlth
                     D - +6 ring of strength
HPRegen 1.22/turn    F - ring of see invisible
MPRegen 0.13/turn

%: no passive effects
@: lethally poisoned (-14 -> -80)
A: horns 2, retaliatory headbutt
a: Renounce Religion, Berserk, Trog's Hand, Brothers in Arms


You were on level 5 of the Lair of Beasts.
You worshipped Trog.
Trog was extremely pleased with you.
You visited 2 branches of the dungeon, and saw 17 of its levels.
You visited the Abyss 1 time.
You also visited: Gauntlet.

You collected 1440 gold pieces.

Inventory:

Hand Weapons
 h - a +4 war axe of freezing
 p - a +6 executioner's axe of flaming (weapon)
Armour
 c - a +1 pair of boots (worn)
 f - a +0 cloak (worn)
 v - a +0 buckler
 E - a +2 pair of gloves (worn)
 J - a +1 hat (worn)
 L - a +0 plate armour (worn)
 O - the +7 ring mail of Satisfaction {rPois rN+++ Str-2}
   (You found it on level 4 of the Lair of Beasts)

   Str:       It affects your strength (-2).
   rPois:     It protects you from poison.
   rN:        It renders you almost immune to negative energy.
Jewellery
 b - a ring of protection from fire
 k - an amulet of regeneration (around neck)
 l - an amulet of guardian spirit
 D - a +6 ring of strength (left hand)
 F - a ring of see invisible (right hand)
 I - a ring of flight
 M - a ring of positive energy
 P - an amulet of reflection
Wands
 y - a wand of paralysis (15)
 B - a wand of roots (63)
 G - a wand of mindburst (17)
 Q - a wand of polymorph (6)
Scrolls
 e - 2 scrolls of magic mapping
 i - 2 scrolls of blinking
 m - 2 scrolls of brand weapon
 q - 2 scrolls of fear
 r - a scroll of identify
 A - 12 scrolls of teleportation
 K - a scroll of fog
Potions
 a - 2 potions of cancellation
 d - 5 potions of lignification
 g - 5 potions of mutation
 j - 4 potions of heal wounds
 n - 4 potions of haste
 o - a potion of magic
 s - 3 potions of invisibility
 w - a potion of resistance
 x - 2 potions of might
 z - 5 potions of curing
 C - 2 potions of ambrosia
 H - a potion of berserk rage
 N - a potion of flight
Miscellaneous
 t - a phantom mirror
 u - a box of beasts


   Skills:
 + Level 14.2 Fighting
 + Level 19.5 Axes
 + Level 15.0 Armour
 + Level 6.2 Dodging
 + Level 2.2 Stealth
 + Level 8.4 Shields


You had 13 spell levels left.
You didn't know any spells.
Your spell library was empty.

Dungeon Overview and Level Annotations

Branches:
Dungeon (12/15)            Temple (0/1) D:7            Lair (5/5) D:10
 Shoals (0/4) Lair:3        Snake (0/4) Lair:3        Slime (0/5) Lair:5
    Orc (0/2) D:11        Gauntlet (visited)

Altars:
Elyvilon
Fedhas
Gozag
Hepliaklqana
Kikubaaqudgha
Ru
Trog
Uskayaw
Vehumet
Xom
Zin
The Shining One
Jiyva

Shops:
D:4 :*   D:5 (   D:6 [   D:11 (

Annotations:
D:10 2 transporters, riellis1's ghost, journeyman FoHu


Innate Abilities, Weirdness & Mutations

You have a pair of horns on your head.
You reflexively headbutt those who attack you in melee.


Message History

You furiously retaliate!
You headbutt the black mamba. You miss the black mamba.
Your headbutt misses the black mamba.
The black mamba is heavily wounded.
You feel sick. The black mamba bites you! The black mamba closely misses you.
You barely miss the black mamba.
The black mamba is heavily wounded.
You feel sick.
The black mamba bites you but does no damage.
You hit the black mamba. You burn the black mamba.
You headbutt the black mamba.
The black mamba is severely wounded.
You slash the black mamba! You burn the black mamba!
You feel sick.
The black mamba bites you but does no damage.
The black mamba bites you! x2
* * * LOW HITPOINT WARNING * * *
You are more poisoned.
The black mamba poisons you! The black mamba bites you!
* * * LOW HITPOINT WARNING * * *
You are lethally poisoned!
The black mamba poisons you!
You barely miss the black mamba.
The black mamba is severely wounded.
You closely miss the black mamba.
* * * LOW HITPOINT WARNING * * *
You feel extremely sick. The black mamba bites you!
* * * LOW HITPOINT WARNING * * *
You are more poisoned.
The black mamba poisons you!
The black mamba bites you but does no damage.
The black mamba bites you!
* * * LOW HITPOINT WARNING * * *
You are more poisoned.
The black mamba poisons you!
The black mamba bites you but does no damage.
You slash the black mamba! You burn the black mamba.
Your headbutt misses the black mamba.
The black mamba is almost dead.
You barely miss the black mamba.
You die...

..## ##......#≈#.. ...##
##.......#≈#..
..#.####........≈≈#D
...#...†....##≈§≈.#
....#..)......#§≈.##
...####†........≈§.#####
#...######......#≈§§≈≈≈≈
.....### ##......≈§§≈≈§≈
.......# #8#8..#@S###§≈§
.....### #####8##S.#
...#.# ### ≈.# ....##
#... ..### #... .†#.#
..... ...# ..... ...###
8#.. .....#


You could see 2 black mambas.

Vanquished Creatures
  A reaper (Gauntlet)
  A minotaur (Gauntlet)
  2 hydras
  The ghost of bronco the Protected, a journeyman GrEE of Ru (D:11)
  4 two-headed ogres
  5 catoblepae
  3 boulder beetles
  Erica (Lair:2)
  A fire crab (Lair:5)
  2 skysharks
  A death drake (Gauntlet)
  2 cyclopes
  A spectral centaur (Gauntlet)
  3 manticores
  A centaur zombie (Gauntlet)
  6 black mambas
  14 elephants
  A molten gargoyle (Lair:5)
  A water nymph (Lair:3)
  3 cane toads
  3 gargoyles (D:12)
  An unseen horror (D:12)
  8 komodo dragons
  5 rime drakes
  A yaktaur (D:11)
  A kobold demonologist (D:10)
  A spectral harpy (Gauntlet)
  7 trolls
  A hornet (D:9)
  2 polar bears
  Grinder (D:4)
  3 blink frogs (Lair:2)
  6 dream sheep (Lair:3)
  3 slime creatures (Lair:5)
  A large abomination (Abyss:2)
  A spriggan (D:11)
  4 wyverns
  A wraith (D:12)
  56 yaks
  A basilisk (Lair:5)
  4 wargs (D:11)
  3 nagas (Lair:3)
  2 vampire mosquitoes (D:12)
  4 acid dragons
  2 swamp worms (Lair:3)
  14 water moccasins
  2 ice beasts
  3 sky beasts
  An orc warrior (D:11)
  3 black bears (D:6)
  7 centaurs
  16 wolves
  3 kobold brigands
  5 scorpions
  12 bullfrogs
  A gnoll sergeant (D:10)
  12 wights
  3 killer bees (D:9)
  An electric eel (Lair:5)
  5 howler monkeys
  2 vampire bats (D:6)
  3 hounds
  4 jellies
  An orc priest (D:10)
  3 sleepcaps (D:6)
  7 iguanas
  10 orc wizards
  7 gnolls
  8 adders
  4 shadow imps
  An ufetubus (D:6)
  5 dart slugs
  32 orcs
  6 ball pythons
  8 bats
  2 bat skeletons (D:6)
  4 bat zombies (D:6)
  9 endoplasms
  3 giant cockroaches
  5 hobgoblins
  2 jackals (D:3)
  18 kobolds
  A quokka (D:1)
  5 frilled lizards
  5 goblins
  11 rats
430 creatures vanquished.

Vanquished Creatures (collateral kills)
  A catoblepas (D:10)
  A manticore (D:10)
  A bullfrog (D:7)
  A howler monkey (D:10)
  An orc priest (D:7)
  A gnoll bouda (D:7)
  An orc wizard (D:7)
  4 gnolls (D:7)
  An orc (D:7)
12 creatures vanquished.

Grand Total: 442 creatures vanquished

Notes
Turn   | Place    | Note
-------+----------+-------------------------------------------
     0 | D:1      | Wiggles the Minotaur Berserker began the quest for the Orb.
     0 | D:1      | Reached XP level 1. HP: 19/19 MP: 0/0
   166 | D:1      | Reached XP level 2. HP: 26/27 MP: 1/1
   207 | D:1      | Reached skill level 4 in Axes
   337 | D:1      | Reached ** piety under Trog
   431 | D:1      | Reached XP level 3. HP: 34/34 MP: 2/2
   756 | D:2      | Found a sacrificial altar of Ru.
   820 | D:2      | Reached XP level 4. HP: 41/41 MP: 3/3
  1095 | D:3      | Found a sacrificial altar of Ru.
  1408 | D:4      | Found Neatopru's Book Boutique.
  1417 | D:4      | Reached skill level 5 in Axes
  1474 | D:4      | Reached XP level 5. HP: 32/47 MP: 1/4
  1474 | D:4      | Reached *** piety under Trog
  1489 | Abyss:2  | Cast into level 2 of the Abyss (gnoll)
  1548 | Abyss:2  | Noticed a large abomination
  1569 | Abyss:2  | Killed a large abomination
  1570 | Abyss:2  | Reached skill level 5 in Fighting
  1570 | Abyss:2  | Reached skill level 6 in Axes
  1570 | Abyss:2  | Reached XP level 6. HP: 56/56 MP: 5/5
  1572 | D:4      | Escaped the Abyss
  1608 | D:4      | Found a shimmering altar of Xom.
  1708 | D:4      | Noticed Grinder
  1713 | D:4      | Paralysed by Grinder for 2 turns
  1724 | D:4      | Killed Grinder
  1725 | D:4      | Reached skill level 7 in Axes
  1725 | D:4      | Reached skill level 5 in Armour
  1725 | D:4      | Reached XP level 7. HP: 47/61 MP: 6/6
  1949 | D:4      | Found Xukiatac's Neck Hole.
  2194 | D:5      | Entered Level 5 of the Dungeon
  2214 | D:5      | Found an opulent altar of Gozag.
  2346 | D:5      | Reached skill level 8 in Axes
  2428 | D:5      | Reached skill level 1 in Shields
  2428 | D:5      | Reached XP level 8. HP: 55/71 MP: 7/7
  2446 | D:5      | Found Qyteneho's Antique Weapon Shoppe.
  2632 | D:5      | Found a glowing silver altar of Zin.
  2768 | D:5      | Found a hazy altar of Hepliaklqana.
  2851 | D:6      | Reached **** piety under Trog
  2852 | D:6      | Reached skill level 9 in Axes
  2903 | D:6      | Reached skill level 1 in Stealth
  2906 | D:6      | Reached skill level 10 in Axes
  2916 | D:6      | Reached XP level 9. HP: 79/79 MP: 8/8
  3021 | D:6      | Found Naimig's Antique Armour Shoppe.
  3302 | D:6      | Found an ancient bone altar of Kikubaaqudgha.
  3422 | D:7      | Found a staircase to the Ecumenical Temple.
  3558 | D:7      | Reached skill level 11 in Axes
  4145 | D:8      | Reached ***** piety under Trog
  4178 | D:8      | Reached skill level 12 in Axes
  4333 | D:8      | Reached XP level 10. HP: 88/88 MP: 9/9
  4522 | D:8      | Found a glowing golden altar of the Shining One.
  4593 | D:8      | Found a white marble altar of Elyvilon.
  4844 | D:9      | Reached skill level 5 in Shields
  4879 | D:9      | Paralysed by a hornet for 3 turns
  4907 | D:9      | Reached skill level 13 in Axes
  4940 | D:9      | Found a bloodstained altar of Trog.
  4946 | D:9      | Found a hide-covered altar of Uskayaw.
  4960 | D:9      | Found a radiant altar of Vehumet.
  5282 | D:9      | Noticed a two-headed ogre
  5288 | D:9      | Killed a two-headed ogre
  5289 | D:9      | Reached skill level 5 in Dodging
  5375 | D:9      | Found a blossoming altar of Fedhas.
  5467 | D:10     | Entered Level 10 of the Dungeon
  5467 | D:10     | Noticed a catoblepas
  5467 | D:10     | Noticed a manticore
  5476 | D:10     | Killed a catoblepas
  5476 | D:10     | Killed a manticore
  5477 | D:10     | Reached skill level 14 in Axes
  5477 | D:10     | Reached skill level 10 in Armour
  5564 | D:10     | Reached XP level 11. HP: 91/97 MP: 10/10
  5626 | D:10     | Found a staircase to the Lair.
  5794 | D:10     | Noticed a two-headed ogre
  5831 | D:10     | Noticed a boulder beetle
  5849 | D:10     | Killed a boulder beetle
  5865 | D:10     | Noticed a sun demon
  5866 | D:10     | Killed a two-headed ogre
  5956 | D:10     | Noticed a two-headed ogre
  5966 | D:10     | Killed a two-headed ogre
  6034 | D:10     | Found a transporter.
  6036 | D:10     | Noticed an orc knight
  6036 | D:10     | Noticed a fire dragon
  6038 | D:10     | Noticed riellis1's ghost (journeyman FoHu)
  6058 | D:10     | Found a transporter.
  6519 | D:11     | Reached skill level 10 in Fighting
  6628 | D:11     | Found a staircase to the Orcish Mines.
  6766 | D:11     | Reached skill level 15 in Axes
  6864 | D:11     | Noticed a boulder beetle
  6871 | D:11     | Killed a boulder beetle
  6890 | D:11     | Found a runed translucent door.
  6892 | D:11     | Noticed bronco's ghost (journeyman GrEE)
  6892 | D:11     | Noticed a two-headed ogre
  6901 | D:11     | Killed a two-headed ogre
  7057 | D:11     | Found Dusizisk's Weapon Shoppe.
  7204 | D:11     | Identified the +5 sling "Poomif Boigh" {antimagic, rF+
                  | Int+2}
  7349 | D:11     | Reached XP level 12. HP: 107/107 MP: 11/11
  7351 | D:11     | Killed bronco's ghost
  7412 | D:12     | Found a gate leading to a gauntlet.
  7476 | Gauntlet | Entered a Gauntlet
  7476 | Gauntlet | Found a large runed translucent door.
  7476 | Gauntlet | Found a large runed translucent door.
  7476 | Gauntlet | Found a large runed translucent door.
  7476 | Gauntlet | Found a large runed translucent door.
  7476 | Gauntlet | Found a runed translucent door.
  7476 | Gauntlet | Found a large runed translucent door.
  7476 | Gauntlet | Found a large runed translucent door.
  7476 | Gauntlet | Found a transporter.
  7476 | Gauntlet | Found a transporter.
  7476 | Gauntlet | Found a large runed translucent door.
  7476 | Gauntlet | Found a large runed translucent door.
  7476 | Gauntlet | Found a runed translucent gate.
  7476 | Gauntlet | Found a runed translucent gate.
  7476 | Gauntlet | Found a transporter.
  7478 | Gauntlet | Noticed a tengu warrior
  7479 | Gauntlet | Found a transporter.
  7490 | Gauntlet | Found a transporter.
  7491 | Gauntlet | Noticed a reaper
  7504 | Gauntlet | Found a transporter.
  7512 | Gauntlet | Found a transporter.
  7530 | Gauntlet | Found a transporter.
  7538 | Gauntlet | Found a transporter.
  7539 | Gauntlet | Noticed a tengu warrior
  7556 | Gauntlet | Found a transporter.
  7579 | Gauntlet | Found a runed translucent door.
  7580 | Gauntlet | Found a large runed translucent door.
  7580 | Gauntlet | Found a large runed translucent door.
  7580 | Gauntlet | Found a large runed translucent door.
  7580 | Gauntlet | Found a large runed translucent door.
  7581 | Gauntlet | Found a large runed translucent door.
  7581 | Gauntlet | Found a large runed translucent door.
  7582 | Gauntlet | Found a large runed translucent door.
  7582 | Gauntlet | Found a large runed translucent door.
  7591 | Gauntlet | Found a runed translucent gate.
  7597 | Gauntlet | Found a transporter.
  7609 | Gauntlet | Found a transporter.
  7901 | Gauntlet | Identified the +0 cloak "Gefeplof" {rN++ Will++ Str-2}
  7918 | Gauntlet | Killed a reaper
  7919 | Gauntlet | Reached skill level 16 in Axes
  8000 | Gauntlet | Noticed a minotaur
  8008 | Gauntlet | Killed a minotaur
  8392 | D:12     | Identified the +0 quarterstaff of Gozag's Displeasure
                  | {flame, Will+}
  8502 | D:12     | Noticed a boulder beetle
  8557 | D:12     | Killed a boulder beetle
  8611 | Lair:1   | Entered Level 1 of the Lair of Beasts
  8738 | Lair:1   | Noticed a catoblepas
  8757 | Lair:1   | Killed a catoblepas
  8926 | Lair:1   | Noticed a catoblepas
  8945 | Lair:1   | Killed a catoblepas
  9082 | Lair:1   | Reached XP level 13. HP: 118/118 MP: 12/12
  9494 | Lair:2   | Reached skill level 17 in Axes
  9500 | Lair:2   | Noticed Erica
  9509 | Lair:2   | Killed Erica
  9512 | Lair:2   | Received a gift from Trog
  9989 | Lair:3   | Found a staircase to the Snake Pit.
 10859 | Lair:4   | Reached skill level 18 in Axes
 11079 | Lair:4   | Identified the +7 ring mail of Satisfaction {rPois rN+++
                  | Str-2}
 11459 | Lair:5   | Entered Level 5 of the Lair of Beasts
 11550 | Lair:5   | Found a staircase to the Slime Pits.
 11554 | Lair:5   | Found a viscous altar of Jiyva.
 11640 | Lair:5   | Reached XP level 14. HP: 120/130 MP: 13/13
 11746 | Lair:5   | Reached skill level 19 in Axes
 11757 | Lair:5   | Received a gift from Trog
 11895 | Lair:5   | Reached skill level 15 in Armour
 11918 | Lair:5   | HP: 1/132 [black mamba (9)]
 11919 | Lair:5   | Succumbed to a black mamba's poison

Illustrated notes

Levels and vault maps discovered:
D:1:      dpeg_arrival_lava_temple_mockup, layout_rooms
D:2:      layout_rooms, basic_altar, kennysheep_crisscross, grunt_ministairs_10
D:3:      layout_loops_ring, nicolae_ru_awakened_eye
D:4:      layout_cave_pools, tgw_xom, serial_shops, nicolae_shop_statue_plus,
          nicolae_shop_sticking_my_neck_out, uniq_grinder
D:5:      layout_cave_pools, grunt_gozag_statues,
          nicolae_hepliaklqana_hippocampus, mainiacjoe_overflow_brackets,
          serial_shops, shop, kennysheep_generic_room_3
D:6:      layout_cave_pools, kennysheep_vampire_church, serial_shops, shop,
          serial_park, serial_park_tiny_1, serial_park_square3
          [serial_park_minivault_5x5_8], serial_park_square1
          [serial_park_minivault_5x5_6], serial_park_tiny_2
D:7:      layout_loops_cross, minmay_temple_entry_glass
D:8:      layout_basic, nicolae_tso_carved_into_rock, elyvilon_altar_1,
          kennysheep_generic_room_4
D:9:      layout_basic, minmay_overflow_temple_star_quad,
          mainiacjoe_overflow_surrounded_room
D:10:     nzn_motion_control, layout_long_grid, lair_entry_dummy,
          gammafunk_ghost_arena, grunt_potential
D:11:     layout_stronghold, minmay_orc_entry_guard_dogs,
          ebering_ghost_inner_flame, serial_column_ruins, column_ruins_hut,
          column_ruins_hut, column_ruins_open_small, column_ruins_open_tiny,
          column_ruins_open_small, column_ruins_columns_straight, serial_shops,
          shop, palyth_stone_intersect, the_hattery
D:12:     layout_rooms, gauntlet_entry_generic
Lair:1:   layout_roguey
Lair:2:   layout_misc_corridors, nicolae_lair_grazing_beasts
          [nicolae_sub_lair_graze_edge, nicolae_sub_lair_graze_edge,
          nicolae_sub_lair_graze_edge, nicolae_sub_lair_graze_edge],
          lemuel_fruit_fields, lemuel_fruit_fields, uniq_erica
Lair:3:   hellmonk_ruined_rings, layout_misc_corridors,
          nicolae_shoals_entry_flooding, guppyfry_snake_entry_island,
          worms_lemuel, lemuel_fruit_fields
Lair:4:   layout_cave_pods
Lair:5:   cheibrodos_lair_end_hotspot, layout_hall_layers,
          minmay_slime_entry_pillars, serial_bayou_shore_a

Skill      XL: |  1  2  3  4  5  6  7  8  9 10 11 12 13 14 |
---------------+-------------------------------------------+-----
Fighting       | 4 5 6 7 8 9 10 12 13 14 | 14.2
Axes           | 4 5 6 7 8 10 12 14 15 16 18 19 | 19.5
Armour         | 3 4 5 7 8 10 12 13 14 15 | 15.0
Dodging        | 3 4 5 6 |  6.2
Shields        | 1 2 4 5 6 7 8 |  8.4
Stealth        | 1 2 |  2.2

Action                     |  1- 3 |  4- 6 |  7- 9 | 10-12 | 13-15 || total
---------------------------+-------+-------+-------+-------+-------++-------
  Melee: Hand axe          |    81 |    15 |       |       |       ||    96
         Headbutt          |    10 |    10 |    43 |    87 |    50 ||   200
         Punch             |     1 |       |     1 |       |       ||     2
         War axe           |       |    59 |   231 |   389 |    51 ||   730
         Executioner's axe |       |       |       |       |   189 ||   189
 Invoke: Berserk           |       |     2 |     4 |    12 |     1 ||    19
         Brothers in Arms  |       |       |     1 |     4 |       ||     5
    Use: Potion            |       |       |     1 |       |       ||     1
         Scroll            |       |       |    18 |     8 |     5 ||    31
   Stab: Petrified         |       |       |       |       |     4 ||     4
 Armour: Leather armour    |    12 |       |       |       |       ||    12
         Chain mail        |    19 |    28 |   117 |   100 |       ||   264
         Plate armour      |       |       |       |    81 |   208 ||   289
  Dodge: Dodged            |    51 |    33 |    93 |   172 |   144 ||   493
  Block: Buckler           |       |       |    46 |    81 |    14 ||   141
